 Dungeon Crawl Stone Soup version 0.19.1 (webtiles) character file.

68 Remedyn the Shield-Bearer (level 4, -4/37 HPs)
             Began as a Formicid Fighter on Nov 24, 2016.
             Slain by a gnoll
             ... wielding a +0 halberd
              (8 damage)
             ... on level 3 of the Dungeon.
             The game lasted 00:04:07 (2146 turns).

Remedyn the Shield-Bearer (Formicid Fighter)        Turns: 2146, Time: 00:04:08

Health: -4/37      AC:  7    Str: 22    XL:     4   Next: 41%
Magic:  4/4        EV:  8    Int:  7    God:
Gold:   58         SH: 12    Dex: 10    Spells: 0 memorised, 3 levels left

rFire  . . .     SeeInvis +     a - +0 war axe
rCold  + . .     Gourm    .     b - +0 scale mail
rNeg   . . .     Faith    .     c - +0 shield
rPois  .         Spirit   .     (helmet unavailable)
rElec  .         Reflect  +     (no cloak)
rCorr  .         Harm     .     (no gloves)
MR     .....                    (no boots)
Stlth  ..........               i - +3 amulet of reflection
                                (no ring)
                                n - ring of protection from cold

@: no status effects
A: permanent stasis, dig shafts and tunnels, four strong arms, antennae 3
a: Dig, Shaft Self


You were on level 3 of the Dungeon.
You were not hungry.

You visited 1 branch of the dungeon, and saw 3 of its levels.

You collected 58 gold pieces.

Inventory:

Hand Weapons
 a - a +0 war axe (weapon)
Armour
 b - a +0 scale mail (worn)
 c - a +0 shield (worn)
Jewellery
 i - a +3 amulet of reflection (around neck)
 n - a ring of protection from cold (left hand)
 q - an uncursed ring of protection from cold
Scrolls
 g - a scroll of teleportation
Potions
 d - a potion of might
 e - a potion of cancellation {unknown}
 f - 3 potions of heal wounds {unknown}
 h - 2 potions of beneficial mutation {unknown}
 k - a potion of mutation {unknown}
 o - a potion of lignification {unknown}
Comestibles
 j - 10 fruits
 l - a bread ration
 m - a slice of pizza
 p - a chunk of flesh


   Skills:
 + Level 3.7 Fighting
 * Level 3.3 Axes
 + Level 3.7 Armour
 + Level 4.1 Shields


You had 3 spell levels left.
You didn't know any spells.

Dungeon Overview and Level Annotations

Branches:
Dungeon (3/15)

Altars:
Elyvilon


Innate Abilities, Weirdness & Mutations

You are under a permanent stasis effect.
You can dig through walls and to a lower floor.
Your four strong arms can wield two-handed weapons with a shield.
You have a pair of large antennae on your head. (SInv)


Message History

The gnoll is heavily wounded.
You block the gnoll's attack. x2
You slash the gnoll!
You kill the gnoll!
The gnoll completely misses you. The gnoll hits you but does no damage.
You see here a flail.
You barely miss the gnoll. You block the gnoll's attack.
Your shield and scale mail prevent you from hitting the gnoll.
You block the gnoll's attack.
You slash the gnoll!
The gnoll is severely wounded.
The gnoll hits you but does no damage.
You barely miss the gnoll.
The gnoll is severely wounded.
The gnoll closely misses you. You block the gnoll's attack.
You completely miss the gnoll.
The gnoll is severely wounded.
The gnoll hits you with a halberd!
You die...

.# .# .# ##.#
...# #..#
...######.)#
....(.†g@..#
......)##.##
....... #.#
...(... #.#
#...### #.#
##.. #.# ...
#.# ..
#.#############
{
#.............#


You could see a gnoll.

Vanquished Creatures
  2 gnolls (D:3)
  4 worms (D:2)
  4 bats
  4 giant cockroaches
  5 goblins
  4 hobgoblins
  2 frilled lizards
  7 kobolds
  8 rats
40 creatures vanquished.

Notes
Turn   | Place    | Note
-------+----------+-------------------------------------------
     0 | D:1      | Remedyn the Formicid Fighter began the quest for the Orb.
     0 | D:1      | Reached XP level 1. HP: 18/18 MP: 1/1
   112 | D:1      | Reached XP level 2. HP: 18/24 MP: 2/2
   865 | D:2      | Reached XP level 3. HP: 22/29 MP: 3/3
  1026 | D:2      | Found a white marble altar of Elyvilon.
  2131 | D:3      | Reached XP level 4. HP: 30/36 MP: 4/4
  2135 | D:3      | Reached skill level 4 in Shields
  2146 | D:3      | Slain by a gnoll

Skill      XL: |  1  2  3  4 |
---------------+-------------+-----
Axes           | 3 |  3.3
Shields        | 4 |  4.1
Fighting       | |  3.7
Armour         | |  3.7

Action                   |  1- 3 |  4- 6 || total
-------------------------+-------+-------++-------
Melee: War axe           |   113 |    12 ||   125
  Use: Scroll            |     2 |       ||     2
  Eat: Bread ration      |     1 |       ||     1
Armor: Scale mail        |    32 |     4 ||    36
Dodge: Dodged            |    31 |     4 ||    35
Block: Shield            |    56 |    11 ||    67
       Reflection        |     1 |       ||     1
